 Dungeon Crawl Stone Soup version 0.28.0-1-gb440e238dd (webtiles) character file.

Game seed: 862145135758997393

23220 smarlow the Protected (level 12, -5/115 HPs)
             Began as a Minotaur Fighter on Feb 26, 2022.
             Was a High Priest of Okawaru.
             Killed from afar by a red draconian (33 damage)
             ... with a searing blast
             ... in a volcano.
             The game lasted 00:40:44 (11223 turns).

smarlow the Protected (Minotaur Fighter)           Turns: 11223, Time: 00:40:44

Health: -5/115     AC: 14    Str: 26    XL:     12   Next: 69%
Magic:  11/11      EV: 10    Int: 10    God:    Okawaru [*****.]
Gold:   903        SH: 12    Dex: 13    Spells: 11/11 levels left

rFire   . . .      SeeInvis .   A - +6 mace of the Establishment {freeze, rElec Str+2 Dex+3}
rCold   . . .      Faith    .   c - +0 buckler
rNeg    . . .      Spirit   .   L - +1 scale mail "Duntorex" {rF- Regen+ Str-2 Int+5}
rPois   .          Reflect  +   (helmet restricted)
rElec   +          Harm     .   i - +2 cloak
rCorr   .          Rampage  .   (no gloves)
Will    +....                   (no boots)
Stlth   ..........              r - amulet of reflection
HPRegen 1.09/turn               v - ring of protection from fire
MPRegen 0.12/turn               N - ring of willpower

@: mighty, on berserk cooldown, slowed, very slow
A: horns 2, retaliatory headbutt
a: Renounce Religion, Heroism, Finesse, Duel


You were in a volcano.
You worshipped Okawaru.
Okawaru was extremely pleased with you.
You visited 2 branches of the dungeon, and saw 14 of its levels.
You also visited: Sewer, Ossuary, Bailey and Volcano.

You collected 973 gold pieces.
You spent 70 gold pieces at shops.

Inventory:

Hand Weapons
 A - the +6 mace of the Establishment (weapon) {freeze, rElec Str+2 Dex+3}
   (You found it on level 1 of the Lair of Beasts)

   It freezes those it strikes, dealing additional cold damage.
   It can also slow down cold-blooded creatures.
   Str:       It affects your strength (+2).
   Dex:       It affects your dexterity (+3).
   rElec:     It insulates you from electricity.
Missiles
 x - 3 javelins (quivered)
 J - a throwing net
Armour
 b - a +1 scale mail
 c - a +0 buckler (worn)
 i - a +2 cloak (worn)
 t - a +2 scale mail of cold resistance
 L - the +1 scale mail "Duntorex" (worn) {rF- Regen+ Str-2 Int+5}
   (Okawaru gifted it to you on level 9 of the Dungeon)

   Str:       It affects your strength (-2).
   Int:       It affects your intelligence (+5).
   rF:        It makes you vulnerable to fire.
   Regen:     It increases your rate of health regeneration.
Jewellery
 d - a +6 ring of strength
 h - an amulet of regeneration
 j - a +6 ring of intelligence
 k - a +6 ring of dexterity
 r - an amulet of reflection (around neck)
 s - a +4 ring of evasion
 v - a ring of protection from fire (left hand)
 D - a +6 ring of strength
 N - a ring of willpower (right hand)
 P - a +4 ring of evasion
 Q - a ring of see invisible
Wands
 u - a wand of flame (43)
 G - a wand of polymorph (9)
 O - a wand of acid (6)
 S - a wand of mindburst (7)
Scrolls
 a - a scroll of amnesia {unknown}
 g - 5 scrolls of teleportation
 n - 2 scrolls of silence
 o - 3 scrolls of fear
 y - 4 scrolls of enchant armour
 B - 4 scrolls of fog
 K - a scroll of magic mapping
Potions
 e - 8 potions of curing
 f - 3 potions of magic
 l - a potion of berserk rage
 m - 3 potions of mutation
 p - 3 potions of flight
 q - 3 potions of invisibility
 w - 3 potions of resistance
 z - 2 potions of cancellation
 C - a potion of might
 E - a potion of brilliance {unknown}
 H - a potion of haste {unknown}
 M - a potion of lignification {unknown}
 R - 2 potions of ambrosia {unknown}


   Skills:
 + Level 13.3 Fighting
 + Level 13.1 Axes
 + Level 13.4 Armour
 + Level 13.3 Shields


You had 11 spell levels left.
You didn't know any spells.
Your spell library contained the following spells:

 Spells                   Type           Power      Damage    Failure   Level
 Apportation              Tloc           0%         N/A       63%         1
 Magic Dart               Conj           0%         1d3       63%         1
 Sublimation of Blood     Necr           0%         N/A       77%         2
 Conjure Flame            Conj/Fire      0%         6-21      94%         3
 Ignite Poison            Fire/Tmut/Pois 0%         N/A       94%         3
 Mephitic Cloud           Conj/Pois/Air  0%         N/A       94%         3
 Petrify                  Tmut/Erth      0%         N/A       100%        4
 Sticky Flame             Conj/Fire      0%         2d3       100%        4
 Alistair's Intoxication  Tmut/Pois      0%         N/A       100%        5
 Freezing Cloud           Conj/Ice/Air   0%         6-21      100%        5
 Irradiate                Conj/Tmut      0%         3d13      100%        5
 Call Imp                 Summ           Unusable   N/A       N/A         2

Dungeon Overview and Level Annotations

Branches:
Dungeon (13/15)            Temple (0/1) D:6            Lair (1/6) D:10
    Orc (0/2) D:12          Sewer (visited)         Ossuary (visited)
 Bailey (visited)         Volcano (1/1)
 Vaults: D:13-14

Altars:
Ashenzari
Fedhas
Gozag
Kikubaaqudgha
Okawaru
Xom
The Shining One

Shops:
D:4 **   D:11 !

Annotations:
D:9 Gastronok


Innate Abilities, Weirdness & Mutations

You have a pair of horns on your head.
You reflexively headbutt those who attack you in melee.


Message History

The yaktaur is heavily wounded.
You bludgeon the yaktaur!! You freeze the yaktaur. You headbutt the yaktaur.
You kill the yaktaur!
Okawaru accepts your kill.
Things that are here:
a +2 shortbow of flaming; 26 arrows You feel a strong urge to attack something.
You feel like a meek peon again.
The door flies open with a bang!
You hear a shout!
You hear a roar!
A centaur comes into view.
It is wielding a +1 shortbow of flaming.
Found a rocky tunnel leading out of this place.
You feel your anger nearly subside.
You are no longer berserk.
You are exhausted.
You feel yourself slow down.
The centaur unwields a +1 shortbow of flaming.
It stops flaming.
The centaur closely misses you. You block the centaur's attack.
There is an open door here.
You thump the centaur! You freeze the centaur!
The centaur is almost dead.
A red draconian opens the door.
You block the centaur's attack.
The centaur kicks you but does no damage.
A red draconian comes into view. It is wielding a +2 flail of flaming.
The centaur misses you.
The centaur kicks you but does no damage.
You sock the centaur! You freeze the centaur.
You kill the centaur!
Okawaru accepts your kill.
You feel very mighty all of a sudden.
You close the door.
Something unseen breaks down the door.
You closely miss the red draconian. The red draconian breathes fire at you.
The searing blast hits you!!!
* * * LOW HITPOINT WARNING * * *
You feel much better.
The air gets thick with the scent of sulphur.
The red draconian breathes fire at you. The searing blast hits you!!
You die...

....≈≈≈≈§≈§§≈≈≈≈§≈§§§≈≈≈≈≈≈≈≈≈§§§
.§§≈≈§≈≈≈≈≈≈≈≈≈≈§≈≈§§≈≈§≈≈§≈§≈≈≈≈
§≈≈≈§§§≈≈§≈§≈≈≈≈§≈§§§≈§§≈≈§≈§≈§≈≈
.§§§≈≈§≈≈§≈§≈≈§§≈≈§≈§≈§§≈≈§§≈≈§§§
§≈≈§§§§≈≈≈≈≈.≈..≈§..≈≈≈§...≈≈.≈≈§
≈≈§§§§≈§≈≈≈....................≈§
≈≈≈≈§§§§§≈≈.#################.§≈≈
≈≈≈§≈≈≈≈≈≈..#...)d.....'. #.§§≈
≈≈§≈≈≈≈§≈≈≈.#.∩.@#.8_8.#. #.§≈§
§§≈≈≈§≈≈≈≈..#..§.#.))).# #..≈≈
§≈≈≈≈≈≈≈§§≈.###++###'###++###..≈≈
≈§≈§§≈§§≈§..#......#.#......#.≈§§
§§§≈§§≈§§≈§§######.#.#.######..≈≈
§≈§≈§§≈≈≈§..# #.# #.≈§S
§≈≈§§≈§≈≈§≈.# #.# #..≈§
≈§≈§§≈≈≈§≈§§# #.# #.§§≈
§§§≈§§§§§§§§# #.# #..≈≈


You could see a red draconian (catching breath).

Vanquished Creatures
  Harold (D:8)
  Erolcha (D:10)
  2 centaur warriors
  6 two-headed ogres
  Erica (D:9)
  An orc knight (Bailey)
  2 cyclopes
  A manticore (D:12)
  An elephant (D:10)
  Maggie (D:6)
  3 cane toads (Lair:1)
  A gargoyle (D:12)
  2 komodo dragons (Lair:1)
  3 yaktaurs (Volcano)
  4 trolls
  A hornet (D:8)
  Prince Ribbit (D:8)
  5 slime creatures (D:12)
  Grinder (D:6)
  13 yaks
  A wraith (D:10)
  A wyvern (D:10)
  A fire bat (Volcano)
  A vampire mosquito (D:12)
  2 basilisks (D:10)
  2 acid dragons
  4 water moccasins
  A hornet zombie (D:7)
  15 orc warriors
  6 wolves (Lair:1)
  3 ogres (D:4)
  13 centaurs
  A phantom (D:6)
  3 kobold brigands
  5 bullfrogs
  2 gnoll sergeants
  A water moccasin zombie (D:6)
  3 scorpions (D:5)
  14 killer bees
  2 vampire bats (D:8)
  8 lava snakes (Volcano)
  2 bullfrog zombies (D:6)
  4 centaur zombies
  A centaur skeleton (D:4)
  A hound (D:5)
  2 jellies
  2 orc priests
  A bullfrog skeleton (D:5)
  3 iguanas
  8 orc wizards
  7 hell rats (Lair:1)
  A hound skeleton (D:5)
  8 mummies (Ossuary)
  A howler monkey zombie (D:5)
  Robin (D:2)
  15 gnolls
  A howler monkey skeleton (D:5)
  3 river rats (Sewer)
  6 adders
  A shadow imp (D:5)
  An ufetubus (D:6)
  An adder zombie (D:5)
  An adder skeleton (D:4)
  3 worms
  A dart slug (D:2)
  41 orcs
  4 bats
  A bat skeleton (D:8)
  4 bat zombies (D:8)
  6 endoplasms
  6 giant cockroaches
  12 hobgoblins
  5 jackals
  11 kobolds
  3 quokkas
  8 ball pythons
  7 frilled lizards
  14 goblins
  3 hobgoblin zombies (Ossuary)
  A jackal zombie (D:5)
  A kobold zombie (Ossuary)
  4 orc zombies (Ossuary)
  11 rats
  A spectral kobold (D:1)
358 creatures vanquished.

Vanquished Creatures (others)
  4 plants
4 creatures vanquished.

Grand Total: 362 creatures vanquished

Notes
Turn   | Place    | Note
-------+----------+-------------------------------------------
     0 | D:1      | smarlow the Minotaur Fighter began the quest for the Orb.
     0 | D:1      | Reached XP level 1. HP: 19/19 MP: 0/0
   184 | D:1      | Reached XP level 2. HP: 27/27 MP: 1/1
   432 | D:1      | Found a faded altar of an unknown god.
   947 | D:2      | Noticed Robin
   958 | D:2      | Reached XP level 3. HP: 26/33 MP: 2/2
   967 | D:2      | Killed Robin
  1188 | D:2      | Found a blossoming altar of Fedhas.
  1735 | D:3      | Reached XP level 4. HP: 34/41 MP: 3/3
  2301 | D:4      | Reached XP level 5. HP: 40/47 MP: 4/4
  2378 | D:4      | Found an iron altar of Okawaru.
  2429 | D:4      | Became a worshipper of Warmaster Okawaru
  2500 | D:4      | Found Acit Ony's General Store.
  2513 | D:4      | Noticed an ogre
  2520 | D:4      | Killed an ogre
  2521 | D:4      | Reached skill level 5 in Fighting
  2521 | D:4      | Reached skill level 5 in Armour
  2521 | D:4      | Reached skill level 5 in Shields
  2623 | D:4      | Reached XP level 6. HP: 47/56 MP: 5/5
  2659 | D:4      | Reached * piety under Okawaru
  2782 | D:4      | Found Ymuwkic's Specific Store.
  3128 | D:5      | Entered Level 5 of the Dungeon
  3146 | D:5      | Reached skill level 5 in Axes
  3146 | D:5      | Reached XP level 7. HP: 42/62 MP: 6/6
  3195 | D:5      | Found a glowing drain.
  3204 | Sewer    | Entered a sewer
  3267 | Sewer    | Reached ** piety under Okawaru
  3290 | Sewer    | Found a glowing silver altar of Zin.
  3345 | D:5      | Noticed a two-headed ogre
  3359 | D:5      | Killed a two-headed ogre
  3359 | D:5      | Reached *** piety under Okawaru
  3360 | D:5      | Reached XP level 8. HP: 18/73 MP: 7/7
  3562 | D:5      | Found a sand-covered staircase.
  3570 | Ossuary  | Entered an ossuary
  3794 | D:5      | Reached XP level 9. HP: 75/81 MP: 8/8
  4107 | D:6      | Noticed Grinder
  4118 | D:6      | Killed Grinder
  4143 | D:6      | Found a staircase to the Ecumenical Temple.
  4205 | D:6      | You fall into a shaft and drop 2 floors!
  4210 | D:8      | Noticed a two-headed ogre
  4308 | D:7      | Reached **** piety under Okawaru
  4395 | D:7      | Found a flagged portal.
  4405 | Bailey   | Entered a bailey
  4604 | Bailey   | Noticed an orc knight
  4615 | Bailey   | Reached XP level 10. HP: 68/91 MP: 7/9
  4629 | Bailey   | Killed an orc knight
  4629 | Bailey   | Reached ***** piety under Okawaru
  4768 | D:7      | Found a shimmering altar of Xom.
  5328 | D:6      | Noticed Maggie
  5335 | D:6      | Killed Maggie
  5335 | D:6      | Received a gift from Okawaru
  5336 | D:6      | Reached skill level 10 in Fighting
  5336 | D:6      | Reached skill level 10 in Armour
  5553 | D:6      | Found a glowing golden altar of the Shining One.
  5553 | D:6      | Found a faded altar of an unknown god.
  5562 | D:6      | Reached skill level 10 in Shields
  5563 | D:6      | Found an opulent altar of Gozag.
  5565 | D:6      | Found a broken altar of Ashenzari.
  5569 | D:6      | Found a faded altar of an unknown god.
  5839 | D:8      | Noticed Harold
  5851 | D:8      | Killed Harold
  5852 | D:8      | Reached skill level 10 in Axes
  5884 | D:8      | Killed a two-headed ogre
  6037 | D:8      | Paralysed by a hornet for 3 turns
  6097 | D:8      | Noticed Prince Ribbit
  6107 | D:8      | Killed Prince Ribbit
  6397 | D:8      | Found an ancient bone altar of Kikubaaqudgha.
  6401 | D:8      | Reached XP level 11. HP: 101/101 MP: 10/10
  6537 | D:9      | Noticed Erica
  6562 | D:9      | Killed Erica
  6562 | D:9      | Identified the +1 scale mail "Duntorex" {rF- Regen+ Str-2
                  | Int+5} (Okawaru gifted it to you on level 9 of the Dungeon)
  6562 | D:9      | Received a gift from Okawaru
  6627 | D:9      | Noticed a two-headed ogre
  6850 | D:9      | Noticed Gastronok
  6866 | D:10     | Entered Level 10 of the Dungeon
  6953 | D:10     | Noticed a two-headed ogre
  6959 | D:10     | Killed a two-headed ogre
  7755 | D:10     | Noticed Erolcha
  7764 | D:10     | Killed Erolcha
  7935 | D:10     | Found a staircase to the Lair.
  8511 | D:11     | Found Qebauburr's Distillery.
  8557 | D:11     | Bought a potion of berserk rage for 70 gold pieces
  8890 | D:11     | Noticed a two-headed ogre
  8899 | D:11     | Killed a two-headed ogre
  9115 | D:11     | Noticed a two-headed ogre
  9126 | D:11     | Killed a two-headed ogre
  9273 | D:12     | Identified the +0 plate armour "Erirastrakh" {Dex+3}
                  | (Okawaru gifted it to you on level 12 of the Dungeon)
  9273 | D:12     | Received a gift from Okawaru
  9305 | D:12     | Found a staircase to the Orcish Mines.
  9465 | D:12     | Reached XP level 12. HP: 98/113 MP: 9/11
 10402 | D:13     | Noticed a centaur warrior
 10414 | D:13     | Killed a centaur warrior
 10570 | D:10     | Noticed a two-headed ogre
 10584 | D:10     | Killed a two-headed ogre
 10598 | Lair:1   | Entered Level 1 of the Lair of Beasts
 10616 | Lair:1   | Identified the +6 mace of the Establishment {freeze, rElec
                  | Str+2 Dex+3}
 10993 | Lair:1   | Found a dark tunnel.
 11001 | Volcano  | Entered a volcano
 11167 | Volcano  | Received a gift from Okawaru
 11197 | Volcano  | Found a bloodstained altar of Trog.
 11197 | Volcano  | Noticed a centaur warrior
 11207 | Volcano  | Killed a centaur warrior
 11216 | Volcano  | Noticed a red draconian
 11222 | Volcano  | HP: 2/115 [red draconian/searing blast (42)]
 11223 | Volcano  | Killed from afar by a red draconian

Illustrated notes

Levels and vault maps discovered:
D:1:      minmay_arrival_glassed_features, layout_basic,
          dreamdust_ecumenical_altar_drowned_temple, minmay_lizard_pond
D:2:      layout_basic, basic_altar, uniq_robin
D:3:      layout_basic, hex_tiny
D:4:      layout_cave_pods, okawaru_metal_pillars_1_2, nicolae_specific_store,
          lemuel_old_faithful
D:5:      layout_rooms, enter_ossuary_3, gup_sewer_entry_bubbles,
          chequers_mini_garden
D:6:      layout_basic, chequers_temple_overflow_minitemple,
          minmay_temple_entry_grid, st_stairs_14, uniq_grinder, uniq_maggie
D:7:      nicolae_BIG_FREAKIN_CUBE, layout_rooms, lemuel_crystal_altar,
          enter_bailey_6
D:8:      layout_loops_ring, kennysheep_vampire_church,
          amcnicky_mini_rare_corridor_liquid, nicolae_figureground_sparkle,
          uniq_prince_ribbit1, uniq_harold
D:9:      layout_roguey, serial_bayou_pond_e, amcnicky_mini_pool_medium,
          uniq_erica, uniq_gastronok
D:10:     layout_stronghold, david_lair_generic, lemuel_flamethrower_hall,
          uniq_erolcha
D:11:     layout_basic, serial_shops, nicolae_shop_trees
D:12:     layout_irregular_city, david_orc_2, minmay_between
D:13:     layout_irregular_city, david_vaults_1,
          eino_small_chamber_without_monster
Lair:1:   layout_regular_city, lightli_volcano_entry_magma_tube
Volcano:  volcano_lake [vl_original]

Skill      XL: |  1  2  3  4  5  6  7  8  9 10 11 12 |
---------------+-------------------------------------+-----
Fighting       | 4 5 7 9 10 12 13 | 13.3
Armour         | 4 5 7 9 10 12 13 | 13.4
Shields        | 4 5 7 9 10 12 13 | 13.3
Axes           | 3 4 5 6 7 9 10 12 13 | 13.1

Action                   |  1- 3 |  4- 6 |  7- 9 | 10-12 || total
-------------------------+-------+-------+-------+-------++-------
Melee: War axe           |    92 |    60 |       |       ||   152
       Headbutt          |     9 |    12 |    59 |   166 ||   246
       Flail             |       |    13 |   278 |   571 ||   862
       Mace              |       |       |       |   100 ||   100
Invok: Heroism           |       |       |     4 |    10 ||    14
  Use: Scroll            |       |     5 |     8 |     7 ||    20
       Potion            |       |       |     4 |     5 ||     9
Armor: Scale mail        |    58 |    41 |   137 |   458 ||   694
Dodge: Dodged            |    63 |    44 |   129 |   435 ||   671
Block: Buckler           |    16 |    26 |   100 |   322 ||   464
       Reflection        |       |       |       |     5 ||     5
